[Event "Team 45 45 League T93"]
[Site "Internet Chess Club"]
[Date "2022.08.05"]
[Round "4"]
[White "tamky70"]
[Black "kabubi"]
[Result "1-0"]
[WhiteElo "1253"]
[BlackElo "1125"]
[Opening "Queen's pawn game"]
[ECO "A45"]
[Time "21:00:40"]
[PlyCount "161"]
[TimeControl "2700+45"]

1. d4 Nf6 2. g3 e6 3. Bg2 d5 4. Nf3 c5 5. O-O Nc6 6. c3 Be7 7. Nbd2 O-O 8. Re1
Qc7 9. Nf1 e5 10. dxe5 Nxe5 11. Bf4 Bd6 12. Bg5 Ne4 13. Be3 Ng4 14. Qxd5 Nef6
15. Qd2 Rd8 16. Qc2 Be6 17. Bg5 Be7 18. h3 Ne5 19. Nxe5 Qxe5 20. Bxf6 Bxf6 21.
Bxb7 Rab8 22. Bg2 Bf5 23. e4 Bg6 24. Ne3 Kf8 25. Ng4 Qg5 26. Nxf6 Qxf6 27. Qc1
Qe5 28. f4 Qc7 29. b3 h6 30. Qe3 c4 31. Red1 Rdc8 32. b4 Qe7 33. Rd4 a5 34. a3
Kg8 35. Rad1 Rd8 36. Kf2 f6 37. R1d2 Bf7 38. Bf1 Kh7 39. Rxd8 Rxd8 40. Rxd8 Qxd8
41. Qd4 Qxd4+ 42. cxd4 axb4 43. axb4 c3 44. Ke3 Bb3 45. b5 Be6 46. Bd3 Bc8 47.
d5 Kg6 48. e5+ Kf7 49. e6+ Ke7 50. Kd4 Kd6 51. Be4 f5 52. Bxf5 Bb7 53. Kxc3 Bxd5
54. Kb4 Bg2 55. h4 Bd5 56. Ka5 Bg2 57. Kb6 Bf1 58. Bg4 g6 59. h5 gxh5 60. Bxh5
Kxe6 61. Bg4+ Kd5 62. Bf3+ Ke6 63. Kc6 Kf6 64. b6 Ba6 65. Kc7 Kg6 66. b7 Bxb7
67. Kxb7 Kf5 68. Kc6 Ke6 69. Kc5 Ke7 70. Kd5 Kf6 71. Ke4 Ke6 72. Bg4+ Kf6 73.
Bh3 h5 74. f5 Kf7 75. Ke5 Ke7 76. Bg2 Kf7 77. Bf3 Ke7 78. Bxh5 Kf8 79. Kf6 Kg8
80. Ke7 Kg7 81. f6+ {Black resigns} 1-0

[Event "Team 45 45 League T93"]
[Site "Internet Chess Club"]
[Date "2022.08.06"]
[Round "4"]
[White "ElValero"]
[Black "timothysmall56"]
[Result "1-0"]
[WhiteElo "1757"]
[BlackElo "1625"]
[Opening "Queen's pawn game"]
[ECO "A46"]
[Time "13:21:48"]
[PlyCount "37"]
[TimeControl "2700+45"]

1. Nf3 Nf6 2. d4 e6 3. Nc3 d5 4. Bg5 Be7 5. Bxf6 Bxf6 6. e4 dxe4 7. Nxe4 Be7 8.
Bd3 O-O 9. Qe2 c6 10. h4 h6 11. O-O-O Nd7 12. g4 b5 13. g5 h5 14. g6 fxg6 15.
Rdg1 Qc7 16. Rxg6 Qf4+ 17. Nfd2 Rf5 18. Ng3 Rf6 19. Nxh5 {Black resigns} 1-0

[Event "Team 45 45 League T93"]
[Site "Internet Chess Club"]
[Date "2022.08.06"]
[Round "4"]
[White "manfredo"]
[Black "mongmong"]
[Result "1/2-1/2"]
[WhiteElo "1494"]
[BlackElo "1508"]
[Opening "French: advance, Nimzovich system"]
[ECO "C02"]
[Time "17:31:53"]
[PlyCount "87"]
[TimeControl "2700+45"]

1. e4 e6 2. d4 d5 3. e5 c5 4. Nf3 Nc6 5. Bd3 cxd4 6. O-O Nge7 7. Bf4 Ng6 8. Bg3
Be7 9. Nbd2 O-O 10. Nb3 f5 11. exf6 Bxf6 12. Bxg6 hxg6 13. Re1 Qe8 14. Nbxd4
Nxd4 15. Nxd4 Bxd4 16. Qxd4 Qf7 17. Re3 Qd7 18. Rae1 Qc6 19. Rc3 Qb6 20. Qxb6
axb6 21. Rc7 Rf7 22. a3 Rxc7 23. Bxc7 b5 24. Re3 Bd7 25. Rg3 Kf7 26. c3 Re8 27.
Be5 Bc6 28. Rf3+ Kg8 29. Rg3 Kf7 30. Rf3+ Kg8 31. h4 Rf8 32. Rg3 Rf5 33. f4 Kf7
34. Kf2 Rh5 35. Rg4 Rh7 36. g3 Rh5 37. Ke3 Rh7 38. Kd4 Rh8 39. Kc5 Rh5 40. Kd6
Rh8 41. Bd4 Rh5 42. Kc7 Rh8 43. Be5 Rh5 44. Bd4 {Game drawn by mutual agreement}
1/2-1/2

[Event "Team 45 45 League T93"]
[Site "Internet Chess Club"]
[Date "2022.08.07"]
[Round "4"]
[White "julesraider"]
[Black "fvafier"]
[Result "1-0"]
[WhiteElo "1644"]
[BlackElo "1519"]
[Opening "QGD semi-Slav"]
[ECO "D43"]
[Time "16:01:09"]
[PlyCount "41"]
[TimeControl "2700+45"]

1. d4 d5 2. c4 c6 3. Nc3 Nf6 4. Nf3 e6 5. Bg5 h6 6. Bxf6 Qxf6 7. e3 Nd7 8. Bd3
dxc4 9. Bxc4 b5 10. Bd3 a6 11. O-O c5 12. Be4 Rb8 13. Bc6 Qd8 14. d5 Qc7 15. e4
Bd6 16. e5 Bxe5 17. Nxe5 Qxe5 18. dxe6 fxe6 19. Re1 Qc7 20. Qh5+ Ke7 21. Nd5+
{Black resigns} 1-0

[Event "Team 45 45 League T93"]
[Site "Internet Chess Club"]
[Date "2022.08.06"]
[Round "4"]
[White "ChessG2011"]
[Black "Toalla"]
[Result "0-1"]
[WhiteElo "1459"]
[BlackElo "1200"]
[Opening "Sicilian defense"]
[ECO "B41"]
[Time "13:01:24"]
[PlyCount "98"]
[TimeControl "2700+45"]

1. e4 c5 2. Nf3 e6 3. d4 b6 4. Be2 Bb7 5. Nbd2 cxd4 6. Nxd4 a6 7. O-O Qc7 8. f3
Nf6 9. Nb1 Be7 10. Nc3 O-O 11. Be3 d6 12. Qd2 Nbd7 13. Rad1 Rac8 14. Nb3 Rfd8
15. Qe1 Ne5 16. Qf2 Ned7 17. Na4 Nc5 18. Naxc5 dxc5 19. c3 Rd7 20. Rxd7 Nxd7 21.
Rd1 Rd8 22. Qf1 b5 23. Qf2 c4 24. Nd4 Bc5 25. Nc2 Bxe3 26. Qxe3 Ne5 27. Rxd8+
Qxd8 28. Qd4 Qxd4+ 29. Nxd4 Nd7 30. Kf2 Kf8 31. b3 cxb3 32. Nxb3 e5 33. a3 Ke7
34. c4 bxc4 35. Bxc4 f6 36. Na5 Bc8 37. Nc6+ Kd6 38. Nb4 Nc5 39. Ke3 a5 40. Nd5
Ba6 41. Bxa6 Nxa6 42. Kd3 Kc5 43. Kc3 Kb5 44. Ne3 g6 45. Nd5 f5 46. Ne3 fxe4 47.
fxe4 Nc5 48. Nc4 Nxe4+ 49. Kb2 Kxc4 {White resigns} 0-1

[Event "Team 45 45 League T93"]
[Site "Internet Chess Club"]
[Date "2022.08.07"]
[Round "4"]
[White "Gojira"]
[Black "fhunfi"]
[Result "1/2-1/2"]
[WhiteElo "1541"]
[BlackElo "1709"]
[Opening "Queen's pawn"]
[ECO "A40"]
[Time "17:53:02"]
[PlyCount "54"]
[TimeControl "2700+45"]

1. d4 e6 2. Bf4 Nf6 3. e3 b6 4. Nf3 Bb7 5. Nbd2 Be7 6. h3 O-O 7. Bd3 c5 8. c3
cxd4 9. exd4 d6 10. Qe2 Qc8 11. Ne4 Nxe4 12. Bxe4 Bxe4 13. Qxe4 Qc6 14. Ng5 Bxg5
15. Qxc6 Nxc6 16. Bxg5 f6 17. Bf4 e5 18. dxe5 dxe5 19. Be3 Rfd8 20. Ke2 Ne7 21.
Rhd1 Nd5 22. Rd2 Nxe3 23. Kxe3 Rxd2 24. Kxd2 Rd8+ 25. Ke2 Kf7 26. c4 Ke6 27. Rc1
f5 {Game drawn by mutual agreement} 1/2-1/2

[Event "Team 45 45 League T93"]
[Site "Internet Chess Club"]
[Date "2022.08.07"]
[Round "4"]
[White "fireball"]
[Black "Rookmaster"]
[Result "1-0"]
[WhiteElo "1541"]
[BlackElo "1448"]
[Opening "Philidor: Improved Hanham variation"]
[ECO "B07"]
[Time "08:01:55"]
[PlyCount "92"]
[TimeControl "2700+45"]

1. e4 d6 2. d4 Nf6 3. Nc3 e5 4. Nf3 Nbd7 5. Bc4 Be7 6. dxe5 dxe5 7. O-O c6 8.
Qe2 Qc7 9. Rd1 h6 10. a4 Nf8 11. Be3 Be6 12. h3 g5 13. Bxe6 fxe6 14. Qc4 Ng6 15.
Qxe6 Nf4 16. Qxe5 Qxe5 17. Nxe5 Bb4 18. Bxf4 gxf4 19. Ng6 Rh7 20. Nxf4 Bxc3 21.
bxc3 Nxe4 22. Re1 Re7 23. Re3 Kf7 24. f3 Ng3 25. Rxe7+ Kxe7 26. Re1+ Kf7 27. Kf2
Nf5 28. g4 Nd6 29. Nd3 Re8 30. Rxe8 Kxe8 31. Ke3 Ke7 32. Kd4 Nf7 33. f4 Kd6 34.
Nc5 b6 35. Ne4+ Ke7 36. f5 Nd8 37. Ke5 Nf7+ 38. Kf4 a5 39. c4 Kd7 40. h4 Ke7 41.
g5 hxg5+ 42. hxg5 Nd8 43. g6 c5 44. f6+ Kf8 45. Kf5 Nc6 46. g7+ Kg8 {Black
resigns} 1-0

[Event "Team 45 45 League T93"]
[Site "Internet Chess Club"]
[Date "2022.08.07"]
[Round "4"]
[White "trogers41"]
[Black "vollmerj"]
[Result "1/2-1/2"]
[WhiteElo "1361"]
[BlackElo "1464"]
[Opening "Sicilian: Hungarian variation"]
[ECO "B27"]
[Time "20:30:22"]
[PlyCount "51"]
[TimeControl "2700+45"]

1. e4 c5 2. Nf3 g6 3. d4 Bg7 4. Be2 cxd4 5. Nxd4 Nc6 6. Be3 Nf6 7. Nc3 O-O 8.
Qd2 d5 9. exd5 Nxd5 10. Nxd5 Qxd5 11. Bf3 Qd7 12. c3 Nxd4 13. Bxd4 Bxd4 14. Qxd4
Qxd4 15. cxd4 Rd8 16. O-O-O a5 17. Rd2 a4 18. a3 Ra6 19. Rhd1 Rad6 20. Kc2 Bf5+
21. Kc3 Rc8+ 22. Kb4 Rb6+ 23. Ka5 Ra6+ 24. Kb4 Rb6+ 25. Ka5 Ra6+ 26. Kb4 {Game
drawn by mutual agreement} 1/2-1/2

[Event "Team 45 45 League T93"]
[Site "Internet Chess Club"]
[Date "2022.08.03"]
[Round "4"]
[White "smsxman"]
[Black "blind-warrior"]
[Result "1/2-1/2"]
[WhiteElo "1304"]
[BlackElo "1295"]
[Opening "Sicilian"]
[ECO "B50"]
[Time "20:00:19"]
[PlyCount "186"]
[TimeControl "2700+45"]

1. e4 c5 2. Nf3 d6 3. Nc3 Nc6 4. Bb5 a6 5. Bxc6+ bxc6 6. d3 Bg4 7. h3 Bxf3 8.
Qxf3 e6 9. O-O g6 10. Re1 Bg7 11. Bf4 Ne7 12. e5 d5 13. Bh2 O-O 14. Na4 Qa5 15.
b3 c4 16. d4 Nf5 17. c3 cxb3 18. axb3 Qc7 19. Qd1 a5 20. Nc5 Rfb8 21. Rb1 Bf8
22. Na4 c5 23. dxc5 Bxc5 24. Nxc5 Qxc5 25. Qd2 Kg7 26. Rec1 Qa7 27. Qg5 Qe7 28.
Qf6+ Kg8 29. Bf4 Rb7 30. g4 Nh4 31. Kf1 Qxf6 32. exf6 Nf3 33. Kg2 e5 34. Bh6 e4
35. Rd1 Rd7 36. b4 axb4 37. Rxb4 Ne5 38. Bg7 Rad8 39. Kg3 Rd6 40. Rb5 Nc4 41.
Kg2 e3 42. Re1 Re6 43. Bh6 exf2 44. Rxe6 fxe6 45. Kxf2 Nd6 46. Rb3 Ne4+ 47. Ke3
Nxf6 48. Bg5 Kf7 49. Rb7+ Rd7 50. Rb1 Ne4 51. Bf4 g5 52. Be5 Kg6 53. Rf1 Rf7 54.
Ra1 h6 55. c4 Nf6 56. c5 Nd7 57. Bd6 e5 58. Ra6 d4+ 59. Ke2 Rf6 60. Ra7 Nf8 61.
Bxe5 Rf7 62. Ra6+ Kh7 63. Bxd4 Re7+ 64. Kd3 Ne6 65. c6 Nc7 66. Ra7 Nd5 67. Kc4
Rxa7 68. Bxa7 Ne7 69. c7 Nc8 70. Bb8 Kg8 71. Kd5 Kf7 72. Kc6 Ke7 73. Kd5 Kd7 74.
Ke5 Ke7 75. Kf5 Kf7 76. Ke4 Ke6 77. Kd4 Ne7 78. Kc5 Kd7 79. Kb6 Nc8+ 80. Kb7
Nd6+ 81. Kb6 Nc8+ 82. Ka6 Nd6 83. Ka7 Kc8 84. Kb6 Ne4 85. Kc6 Nf2 86. Ba7 Nxh3
87. Bd4 Nf4 88. Bg7 h5 89. gxh5 Nxh5 90. Be5 g4 91. Kd5 g3 92. Bxg3 Nxg3 93. Ke5
Kxc7 {Game drawn because neither player has mating material} 1/2-1/2

[Event "Team 45 45 League T93"]
[Site "Internet Chess Club"]
[Date "2022.08.06"]
[Round "4"]
[White "mongmong"]
[Black "AlWynJones"]
[Result "1-0"]
[WhiteElo "1509"]
[BlackElo "1461"]
[Opening "Queen's pawn game"]
[ECO "A46"]
[Time "11:00:39"]
[PlyCount "117"]
[TimeControl "2700+45"]

1. d4 Nf6 2. Nf3 c6 3. e3 g6 4. Bd3 Na6 5. c3 c5 6. Nbd2 d5 7. O-O Bg7 8. Qe2
O-O 9. Bxa6 bxa6 10. dxc5 Qc7 11. e4 Bb7 12. exd5 Bxd5 13. Re1 Qxc5 14. Qxa6 Ng4
15. Qe2 e5 16. h3 Nf6 17. Nb3 Bxb3 18. axb3 e4 19. Nh2 Nd5 20. Be3 Nxe3 21. Qxe3
Qb5 22. b4 f5 23. Ra5 Qb6 24. Qxb6 axb6 25. Rxa8 Rxa8 26. Nf1 Ra2 27. Rb1 Kf7
28. Ne3 Ke6 29. Nc4 b5 30. Na5 Kd5 31. Kf1 f4 32. Ke1 e3 33. fxe3 fxe3 34. Kd1
Ke4 35. Kc2 e2 36. Kd2 Bh6+ 37. Kxe2 Be3 38. Nb3 Ra8 39. Nd2+ Bxd2 40. Kxd2 Rd8+
41. Ke2 Rd3 42. Rd1 Rxd1 43. Kxd1 Kd3 44. g3 h6 45. g4 g5 46. Kc1 Ke3 47. Kc2
Kf3 48. b3 Kg3 49. c4 Kxh3 50. c5 Kxg4 51. c6 h5 52. c7 h4 53. c8=Q+ Kg3 54.
Qc7+ Kh3 55. Qc3+ Kg2 56. Qd2+ Kh1 57. Qxg5 h3 58. Qxb5 h2 59. Qf1# {Black
checkmated} 1-0

[Event "Team 45 45 League T93"]
[Site "Internet Chess Club"]
[Date "2022.08.03"]
[Round "4"]
[White "jcule"]
[Black "Kingofknights"]
[Result "1/2-1/2"]
[WhiteElo "1342"]
[BlackElo "1476"]
[Opening "Torre attack (Tartakower variation)"]
[ECO "D03"]
[Time "14:00:22"]
[PlyCount "90"]
[TimeControl "2700+45"]

1. d4 d5 2. Nf3 Nf6 3. Bg5 Ne4 4. Bh4 c5 5. c3 cxd4 6. cxd4 Nc6 7. e3 Bf5 8. a3
Qa5+ 9. Nbd2 e6 10. b4 Qb6 11. Nxe4 Bxe4 12. Bd3 Bxd3 13. Qxd3 Bd6 14. O-O f6
15. Nd2 Kf7 16. f3 Ne7 17. Bf2 Rhc8 18. Rac1 f5 19. e4 Rc7 20. e5 Rxc1 21. Rxc1
Bb8 22. f4 a5 23. b5 a4 24. Bh4 Ng6 25. Bg3 Ba7 26. Nf3 h6 27. Qc3 Re8 28. Qc7+
Re7 29. Qxb6 Bxb6 30. Kf1 Rc7 31. Rxc7+ Bxc7 32. Ke2 Bd8 33. Nd2 Be7 34. Nb1 h5
35. Ke3 Ke8 36. Be1 Kd7 37. g3 h4 38. gxh4 Nxh4 39. Bxh4 Bxh4 40. Nc3 Be7 41.
Nxa4 Bxa3 42. Nc5+ Bxc5 43. dxc5 Kc7 44. Kd4 Kd7 45. h4 g6 {Game drawn by mutual
agreement} 1/2-1/2

[Event "Team 45 45 League T93"]
[Site "Internet Chess Club"]
[Date "2022.08.05"]
[Round "4"]
[White "seattleblues"]
[Black "Fulmar"]
[Result "1-0"]
[WhiteElo "1286"]
[BlackElo "1204"]
[Opening "QGD semi-Slav"]
[ECO "D43"]
[Time "19:05:39"]
[PlyCount "75"]
[TimeControl "2700+45"]

1. d4 d5 2. Nf3 c6 3. c4 Nf6 4. Nc3 e6 5. Bg5 Be7 6. e3 Nbd7 7. Bd3 dxc4 8. Bxc4
b5 9. Bb3 Bb7 10. O-O a6 11. Qe2 c5 12. Rad1 Qb6 13. Rd2 h6 14. Bh4 c4 15. Bc2
Qc6 16. e4 O-O 17. d5 Qc7 18. Bg3 e5 19. Rfd1 Qd6 20. Nd4 Rfd8 21. Nf5 Qc5 22.
d6 Bf8 23. Nd5 Nxd5 24. exd5 Bxd6 25. Nxh6+ gxh6 26. Qg4+ Kh8 27. Qf5 Nf8 28.
Qf6+ Kg8 29. Qxh6 Re8 30. Bh4 Be7 31. Bxe7 Rxe7 32. d6 Re6 33. Qg5+ Ng6 34. d7
Qc6 35. d8=Q+ Rxd8 36. Rxd8+ Kg7 37. h4 e4 38. h5 {Black resigns} 1-0

[Event "Team 45 45 League T93"]
[Site "Internet Chess Club"]
[Date "2022.08.08"]
[Round "4"]
[White "woofgang"]
[Black "WzeroMN"]
[Result "1-0"]
[WhiteElo "1203"]
[BlackElo "990"]
[Opening "Queen's pawn game"]
[ECO "D02"]
[Time "14:00:31"]
[PlyCount "81"]
[TimeControl "2700+45"]

1. d4 d5 2. Nf3 Bg4 3. e3 Bxf3 4. Qxf3 Nf6 5. Bd3 e6 6. O-O Bd6 7. Nd2 Nc6 8. a3
Qd7 9. b3 O-O-O 10. Bb2 a6 11. Qe2 g6 12. c4 Rhe8 13. c5 Bf8 14. b4 e5 15. Nb3
e4 16. Bc2 Bh6 17. h3 Bg5 18. b5 axb5 19. Qxb5 Ne7 20. Qa5 Qc6 21. Qb4 Kd7 22.
Na5 Qa6 23. Ba4+ Ke6 24. Bb5 Qa7 25. Bxe8 Rxe8 26. Rac1 Nc6 27. Nxc6 bxc6 28.
Qd2 Rb8 29. Ra1 Rb3 30. Rfb1 Qb7 31. a4 Nd7 32. Qe2 Nb8 33. Qd1 Rd3 34. Qg4+ Kf6
35. Ba3 Rb3 36. Rxb3 Qxb3 37. a5 Qc3 38. Rb1 Na6 39. h4 Bh6 40. Qd7 Qxa3 41.
Qxc6+ {Black resigns} 1-0

[Event "Team 45 45 League T93"]
[Site "Internet Chess Club"]
[Date "2022.08.06"]
[Round "4"]
[White "WillC"]
[Black "julesraider"]
[Result "0-1"]
[WhiteElo "1576"]
[BlackElo "1633"]
[Opening "Queen's pawn game, Darooha variation "]
[ECO "D02"]
[Time "17:00:18"]
[PlyCount "118"]
[TimeControl "2700+45"]

1. d4 Nf6 2. Nf3 d5 3. b3 Bf5 4. e3 Nbd7 5. Be2 e6 6. Bb2 Bd6 7. O-O O-O 8. Nbd2
h6 9. c4 c6 10. Rc1 Qa5 11. a3 b5 12. b4 Qa6 13. c5 Bc7 14. Ne5 Qb7 15. Ra1 a5
16. Qb3 Rfb8 17. Bd3 axb4 18. axb4 Rxa1 19. Rxa1 Ra8 20. Ndf3 Rxa1+ 21. Bxa1 Qa8
22. Bb2 Bxd3 23. Nxd3 Ne4 24. g3 g5 25. Qa3 Qxa3 26. Bxa3 f6 27. Bb2 Kf7 28. Kf1
g4 29. Nfe1 Nd2+ 30. Ke2 Nc4 31. Ng2 Nxb2 32. Nxb2 e5 33. Nd3 Nb8 34. Nc1 Na6
35. Na2 Ke6 36. f3 h5 37. fxg4 hxg4 38. Kd3 Bd8 39. e4 dxe4+ 40. Kxe4 f5+ 41.
Kd3 e4+ 42. Ke3 Bg5+ 43. Nf4+ Bxf4+ 44. Kxf4 Kd5 45. Kxf5 Kxd4 46. Kxg4 Kd3 47.
Nc1+ Kd2 48. Nb3+ Kd3 49. h4 e3 50. Kf3 Nxb4 51. h5 Nd5 52. h6 Nf6 53. Nc1+ Kd2
54. Ne2 b4 55. Nd4 e2 56. Nxe2 b3 57. Nd4 b2 58. Nb3+ Kc3 59. h7 Nxh7 {White
resigns} 0-1

[Event "Team 45 45 League T93"]
[Site "Internet Chess Club"]
[Date "2022.08.08"]
[Round "4"]
[White "xingon"]
[Black "sdcohle"]
[Result "1-0"]
[WhiteElo "1302"]
[BlackElo "1353"]
[Opening "QGD semi-Slav"]
[ECO "D43"]
[Time "18:00:59"]
[PlyCount "131"]
[TimeControl "2700+45"]

1. d4 d5 2. c4 c6 3. Nc3 Nf6 4. Nf3 e6 5. a3 Bd6 6. Qc2 Nbd7 7. Bg5 h6 8. Bh4
O-O 9. e4 dxe4 10. Nxe4 Be7 11. Bd3 Re8 12. O-O Nxe4 13. Bxe7 Qxe7 14. Bxe4 Nf6
15. Rfe1 Qc7 16. Ne5 Qd6 17. Rad1 Bd7 18. b4 a6 19. c5 Qc7 20. a4 b5 21. a5 Re7
22. Qe2 Be8 23. Qf3 Nxe4 24. Qxe4 f6 25. Ng6 Bxg6 26. Qxg6 Rd8 27. Qg4 Rde8 28.
Re3 e5 29. dxe5 Rxe5 30. Rxe5 Rxe5 31. g3 Qe7 32. Qc8+ Kh7 33. Qxc6 Re1+ 34.
Rxe1 Qxe1+ 35. Kg2 Qxb4 36. Qxa6 Qxc5 37. Qb6 Qd5+ 38. f3 Qd2+ 39. Kh3 Qe2 40.
a6 Qf1+ 41. Kg4 h5+ 42. Kf4 g5+ 43. Ke4 Qe2+ 44. Kd5 Qe5+ 45. Kc6 Qe8+ 46. Kb7
Qd7+ 47. Qc7 Qxc7+ 48. Kxc7 b4 49. a7 b3 50. a8=Q b2 51. Qb7 Kg6 52. Qxb2 g4 53.
fxg4 hxg4 54. Qc2+ Kg5 55. Qd2+ Kh5 56. Qd5+ Kg6 57. Qe4+ f5 58. Qe6+ Kg5 59.
Qg8+ Kh5 60. Qf7+ Kg5 61. Kd6 f4 62. Qxf4+ Kh5 63. Ke6 Kg6 64. Qxg4+ Kh6 65. Kf6
Kh7 66. Qg7# {Black checkmated} 1-0

[Event "Team 45 45 League T93"]
[Site "Internet Chess Club"]
[Date "2022.08.04"]
[Round "4"]
[White "dwmt"]
[Black "Balderdash"]
[Result "0-1"]
[WhiteElo "1176"]
[BlackElo "1211"]
[Opening "King's pawn game"]
[ECO "C50"]
[Time "19:00:23"]
[PlyCount "134"]
[TimeControl "2700+45"]

1. e4 e5 2. Nf3 Nc6 3. Bc4 Nh6 4. O-O a6 5. a3 Na5 6. Ba2 d6 7. d3 Bg4 8. Nbd2
Qf6 9. h3 Bd7 10. b4 Nc6 11. Bb2 O-O-O 12. Bd5 Ne7 13. Ba2 Qg6 14. Nh4 Qe6 15.
Nhf3 Qg6 16. Nh4 Qg5 17. Nhf3 Qg6 18. Nh4 Qf6 19. Nhf3 Ng6 20. d4 Re8 21. dxe5
dxe5 22. Nc4 Bb5 23. Bb3 Rd8 24. Qc1 Nf4 25. Bxe5 Ne2+ 26. Kh1 Nxc1 27. Bxf6
Nxb3 28. cxb3 Bxc4 29. bxc4 gxf6 30. c5 Be7 31. Rfe1 Rhe8 32. e5 fxe5 33. Rxe5
Bf6 34. Rxe8 Rxe8 35. Rd1 c6 36. Rd6 Ng8 37. g4 Be5 38. Rd3 Bc7 39. Ng5 Nf6 40.
Nxf7 Ne4 41. Kg2 Rf8 42. Rf3 Kb8 43. Nh6 Rxf3 44. Kxf3 Ng5+ 45. Kg2 Bf4 46. Nf5
Bc1 47. a4 Ba3 48. h4 Ne4 49. f3 Nc3 50. a5 Bxb4 51. Nd6 Bxc5 52. Nc4 b5 53.
axb6 Nd5 54. Na5 Bb4 55. Nxc6+ Kb7 56. Nd4 Kxb6 57. Nb3 Kb5 58. f4 Kc4 59. Nc1
a5 60. Kf3 Bd2 61. Ne2 a4 62. Ke4 a3 63. Nd4 Nb4 64. f5 a2 65. Nc2 Nxc2 66. f6
a1=Q 67. f7 Qf6 {White resigns} 0-1

[Event "Team 45 45 League T93"]
[Site "Internet Chess Club"]
[Date "2022.08.08"]
[Round "4"]
[White "oldbookseller"]
[Black "pandaknight"]
[Result "0-1"]
[WhiteElo "1036"]
[BlackElo "998"]
[Opening "Queen's pawn game"]
[ECO "D04"]
[Time "12:00:22"]
[PlyCount "86"]
[TimeControl "2700+45"]

1. d4 d5 2. Nf3 Nf6 3. e3 Bf5 4. Be2 e6 5. b3 Bd6 6. O-O O-O 7. Bb2 Nbd7 8. Nbd2
Qe7 9. c4 Ba3 10. Bc3 Bb4 11. Nb1 Bxb1 12. Bxb4 Qxb4 13. Qxb1 Ne4 14. g3 Nc3 15.
Qd3 c5 16. Ng5 Nxe2+ 17. Qxe2 h6 18. Nf3 Rfc8 19. h4 cxd4 20. exd4 dxc4 21. g4
cxb3 22. g5 Rc2 23. Qe4 Rxa2 24. Rad1 b2 25. g6 Nf6 26. gxf7+ Kxf7 27. Ne5+ Kg8
28. Qg6 Qa3 29. Qf7+ Kh8 30. Ng6+ Kh7 31. h5 Ra1 32. Ne5 Rxd1 33. Qg6+ Kh8 34.
Nf7+ Kg8 35. Nxh6+ Kh8 36. Nf7+ Kg8 37. Nh6+ Kh8 38. Rxd1 Rf8 39. Nf7+ Rxf7 40.
Qxf7 Qa1 41. h6 Qxd1+ 42. Kg2 Qg4+ 43. Kf1 b1=Q# {White checkmated} 0-1